 Dungeon Crawl Stone Soup version 0.22-a0-322-g60b3cfd (webtiles) character file.

50249 Amnesiac the Zephyrmancer (level 14, -4/88 HPs)
             Began as a Tengu Air Elementalist on Apr 3, 2018.
             Was a Priest of Ashenzari.
             Killed from afar by Roxanne (38 damage)
             ... with an iron shot
             ... on level 15 of the Dungeon.
             The game lasted 00:52:11 (25521 turns).

Amnesiac the Zephyrmancer (Tengu Air Elementalist) Turns: 25521, Time: 00:52:12

Health: -4/88      AC:  7    Str:  8    XL:     14   Next: 54%
Magic:  0/55       EV: 23    Int: 20    God:    Ashenzari [***...]
Gold:   624        SH: 12    Dex: 16    Spells: 27/38 levels left

rFire    + . .     SeeInvis +   a - staff of power (curse)
rCold    x . .     Gourm    .   E - +0 shield (curse)
rNeg     . . .     Faith    .   i - +1 leather armour {MR+}
rPois    +         Spirit   +   (helmet restricted)
rElec    +         Reflect  .   M - scarf {Spirit}
rCorr    .         Harm     .   w - +0 pair of gloves (curse)
MR       ++...     Clarity  +   (boots unavailable)
Stlth    ++........             z - amulet of regeneration (curse)
HPRegen  0.64/turn              h - ring of fire
MPRegen  0.34/turn              n - ring of magical power (curse)

@: flying quickly and evasively, quick
A: beak, talons 3, iridescent scales 1, clarity, poison resistance, electricity
resistance, able to fly 2
a: Stop Flying, Curse Item, Scrying, Renounce Religion


You were on level 15 of the Dungeon.
You worshipped Ashenzari.
Ashenzari was most pleased with you.
You were not hungry.

You visited 2 branches of the dungeon, and saw 16 of its levels.

You collected 1171 gold pieces.
You spent 547 gold pieces at shops.

Inventory:

Armour
 i - a +1 leather armour of magic resistance (worn)
 w - a cursed +0 pair of gloves (worn)
 C - a +2 robe of cold resistance
 E - a cursed +0 shield (worn)
 M - a scarf of spirit shield (worn)
 N - the cursed +0 pair of gloves of Qazlal's Anger {rC- Str+4 Slay+5 SInv}
   (You bought it in a shop on level 14 of the Dungeon)

   It affects your strength (+4).
   It affects your accuracy and damage with ranged weapons and melee attacks
   (+5).
   It makes you vulnerable to cold.
   It lets you see invisible.
   It has a curse placed upon it.
Magical Staves
 a - a cursed staff of power (weapon)
Jewellery
 h - a ring of fire (left hand)
 n - a cursed ring of magical power (right hand)
 v - an uncursed ring of positive energy
 z - a cursed amulet of regeneration (around neck)
 F - an uncursed ring of ice
Wands
 e - a wand of flame (18)
 m - a wand of digging (13)
 r - a wand of polymorph (5)
 x - a wand of iceblast (14)
 B - a wand of random effects (21)
Scrolls
 d - 3 scrolls of amnesia {!r}
 g - 3 scrolls of fear {!r}
 k - 5 scrolls of identify {!r}
 o - a scroll of vulnerability {!r, unknown}
 q - a scroll of blinking {!r}
 u - 3 scrolls of fog {!r}
 A - 3 scrolls of magic mapping {!r}
 I - 7 scrolls of remove curse {!r}
 O - 3 scrolls of teleportation {!r}
 Q - 2 scrolls of acquirement {!r}
Potions
 f - 2 potions of might {!q}
 j - a potion of degeneration {!q}
 l - a potion of haste {!q}
 p - 5 potions of curing {!q}
 t - 2 potions of brilliance {!q}
 H - 3 potions of agility {!q}
 J - a potion of heal wounds {!q}
 K - a potion of flight {!q}
 L - a potion of resistance {!q}
 P - a potion of cancellation {!q}
Comestibles
 c - 14 rations


   Skills:
 + Level 10.4 Fighting
 - Level 12.0 Dodging
 - Level 2.0 Stealth
 - Level 11.0(12.7) Shields
 - Level 12.5(15.1) Spellcasting
 - Level 5.2(7.1) Conjurations
 - Level 12.5(14.1) Air Magic


You had 27 spell levels left.
You knew the following spells:

 Your Spells              Type           Power        Failure   Level  Hunger
a - Airstrike             Air            ######....   1%          4    None
d - Lightning Bolt        Conj/Air       ######....   2%          5    ###....
z - Swiftness             Chrm/Air       #####...     1%          2    None


Dungeon Overview and Level Annotations

Branches:
Dungeon (15/15)            Temple (1/1) D:7            Lair (0/6) D:11
    Orc (0/2) D:10         Vaults (0/5) D:13         Depths (0/5) D:15

Altars:
Ashenzari
Cheibriados
Dithmenos
Elyvilon
Fedhas
Gozag
Hepliaklqana
Kikubaaqudgha
Makhleb
Nemelex Xobeh
Okawaru
Qazlal
Ru
Sif Muna
Trog
Uskayaw
Vehumet
Wu Jian
Xom
Yredelemnul
Zin
The Shining One
Lugonu

Shops:
D:3 *   D:8 [   D:10 !?[[   D:13 (   D:14 [

Annotations:
D:15 exclusion: Roxanne, Roxanne


Innate Abilities, Weirdness & Mutations

You have a beak for a mouth.
You have claws for feet.
You can fly continuously.
You are partially covered in iridescent scales. (AC +2)
You possess an exceptional clarity of mind.
Your system is resistant to poisons. (rPois)
You are resistant to electric shocks. (rElec)


Message History

Casting: Airstrike (safe; 1% risk of failure)
Confirm with . or Enter, or press ? or * to list all spells.
Aiming: Airstrike (safe; 1% risk of failure)
Press: ? - help, Dir - move target cursor, f/p - Roxanne
Aim: Roxanne (heavily damaged)
The air twists around and strikes Roxanne!
Roxanne is heavily damaged.
Casting: Airstrike (safe; 1% risk of failure)
Confirm with . or Enter, or press ? or * to list all spells.
Aiming: Airstrike (safe; 1% risk of failure)
Press: ? - help, Dir - move target cursor, f/p - Roxanne
Aim: Roxanne (heavily damaged)
The air twists around and strikes Roxanne!
Roxanne is heavily damaged.
Casting: Airstrike (safe; 1% risk of failure)
Confirm with . or Enter, or press ? or * to list all spells.
Aiming: Airstrike (safe; 1% risk of failure)
Press: ? - help, Dir - move target cursor, f/p - Roxanne
Aim: Roxanne (heavily damaged)
The air twists around and strikes Roxanne!
Roxanne is severely damaged.
Casting: Airstrike (safe; 1% risk of failure)
Confirm with . or Enter, or press ? or * to list all spells.
Aiming: Airstrike (safe; 1% risk of failure)
Press: ? - help, Dir - move target cursor, f/p - Roxanne
Aim: Roxanne (severely damaged)
The air twists around and strikes Roxanne!
Roxanne is severely damaged.
Casting: Airstrike (safe; 1% risk of failure)
Confirm with . or Enter, or press ? or * to list all spells.
Aiming: Airstrike (safe; 1% risk of failure)
Press: ? - help, Dir - move target cursor, f/p - Roxanne
Aim: Roxanne (severely damaged)
The air twists around and strikes Roxanne!
Roxanne is severely damaged.
Casting: Airstrike (safe; 1% risk of failure)
Confirm with . or Enter, or press ? or * to list all spells.
Aiming: Airstrike (safe; 1% risk of failure)
Press: ? - help, Dir - move target cursor, f/p - Roxanne
Aim: Roxanne (severely damaged)
The air twists around and strikes Roxanne!
Roxanne is severely damaged.
Roxanne casts a spell.
You blink.
Unknown command.
Roxanne mumbles some strange words.
The orb of energy misses you.
Roxanne mumbles some strange words.
The orb of energy hits you!
Casting: Airstrike (safe; 1% risk of failure)
Confirm with . or Enter, or press ? or * to list all spells.
Aiming: Airstrike (safe; 1% risk of failure)
Press: ? - help, Dir - move target cursor, f/p - Roxanne
Aim: Roxanne (severely damaged)
The air twists around and strikes Roxanne!
Roxanne is severely damaged.
Roxanne casts a spell.
You blink.
Roxanne casts a spell.
The bolt of magma hits you! You partially resist.
* * * LOW HITPOINT WARNING * * *
Roxanne casts a spell.
The iron shot hits you!
You die...

##### ####...#####
#....8..@..# #.#....###.#
#.#...## #.# #÷##### #.# #.#
#.# ##
####.########.#############.
#..=(................)....'.
#÷##.########.....#########.
#.##.########.....'E..# #.


You could see Roxanne.

Vanquished Creatures
  Gastronok (D:12)
  Azrael (D:15)
  The ghost of 4thArraOfDagon the Severer, a journeyman HOAE of Beogh (D:15)
  A yaktaur captain (D:15)
  The ghost of Anon1729 the Destroyer, a journeyman DsFE of Ashenzari (D:13)
  2 vault guards (D:13)
  A hydra (D:13)
  4 centaur warriors
  A death knight (D:11)
  6 two-headed ogres
  Urug (D:14)
  The ghost of TheNamelessOne the Geomancer, a novice DrEE of Vehumet (D:7)
  2 unseen horrors
  A wizard (D:13)
  An orc knight (D:14)
  2 necromancers (D:13)
  3 deep elf magi
  2 oklob plants
  3 cyclopes
  A manticore (D:15)
  6 ugly things
  Joseph (D:8)
  2 centaur zombies
  Maurice (D:10)
  A gargoyle (D:14)
  7 centaur skeletons
  2 efreet
  2 komodo dragons (D:13)
  A yaktaur (D:15)
  A queen bee (D:11)
  A meliai (shapeshifter) (D:11)
  3 meliai (D:15)
  4 trolls
  Grinder (D:5)
  Prince Ribbit (D:5)
  14 slime creatures
  2 hippogriffs
  2 shadows
  2 wyverns
  A vampire (D:12)
  9 yaks
  2 fire elementals (D:15)
  A basilisk (D:11)
  3 wraiths
  21 humans (D:13)
  Grum (D:11)
  2 hungry ghosts
  2 wargs
  4 vampire mosquitoes (D:11)
  5 hell hounds (D:15)
  4 acid dragons
  3 water moccasins
  5 sky beasts
  A hornet zombie (D:5)
  4 orc warriors
  2 black bears (D:10)
  2 phantoms
  3 wolves (D:11)
  2 ice beasts
  8 ogres
  6 centaurs
  4 big kobolds
  The ghost of p0werm0de the Sneak, an amateur FeCK of Xom (D:5)
  A gnoll sergeant (D:6)
  10 bullfrogs
  2 wyvern zombies
  A scorpion (D:11)
  47 killer bees
  8 wights
  3 howler monkeys
  13 crimson imps
  8 hounds
  A jelly (D:12)
  A bullfrog zombie (D:12)
  6 orc priests
  12 orc wizards
  A bullfrog skeleton (D:6)
  A gnoll shaman (D:9)
  7 iguanas
  13 worker ants
  A hound zombie (D:8)
  2 hound skeletons
  3 worker ant zombies
  A howler monkey skeleton (D:11)
  19 adders
  10 gnolls
  3 shadow imps
  An ooze (D:3)
  An adder zombie (D:7)
  An adder skeleton (D:9)
  2 worms
  2 dart slugs
  5 leopard geckos
  40 orcs
  9 giant cockroaches
  8 goblins
  6 hobgoblins
  14 jackals
  25 kobolds
  5 quokkas
  8 bats
  4 frilled lizards
  A jackal skeleton (D:6)
  A quokka zombie (D:7)
  4 rats
497 creatures vanquished.

Vanquished Creatures (others)
  A fungus (D:10)
  A plant (D:11)
2 creatures vanquished.

Grand Total: 499 creatures vanquished

Notes
Turn   | Place    | Note
-------+----------+-------------------------------------------
     0 | D:1      | Amnesiac the Tengu Air Elementalist began the quest for the Orb.
     0 | D:1      | Reached XP level 1. HP: 10/10 MP: 4/4
   361 | D:1      | Reached XP level 2. HP: 8/15 MP: 0/6
   418 | D:1      | Learned a level 2 spell: Swiftness
   922 | D:1      | Reached XP level 3. HP: 20/20 MP: 1/7
  1476 | D:2      | Reached skill level 1 in Fighting
  1820 | D:2      | Reached skill level 5 in Air Magic
  1820 | D:2      | Reached XP level 4. HP: 23/25 MP: 1/8
  1826 | D:2      | Learned a level 4 spell: Airstrike
  1865 | D:2      | Found a snail-covered altar of Cheibriados.
  2127 | D:3      | Found a hide-covered altar of Uskayaw.
  2253 | D:3      | Found Zin's Purification Station.
  2254 | D:3      | Found a glowing silver altar of Zin.
  2284 | D:3      | Found a shattered altar of Ashenzari.
  2601 | D:3      | Became a worshipper of Ashenzari the Shackled
  2955 | D:3      | Found an ancient bone altar of Kikubaaqudgha.
  2956 | D:3      | Found a deep blue altar of Sif Muna.
  2958 | D:3      | Found a radiant altar of Vehumet.
  2963 | D:3      | Identified Vehumet's Grimoire of Confrontation
  3048 | D:3      | Gained mutation: You can fly. [Tengu growth]
  3048 | D:3      | Reached XP level 5. HP: 30/30 MP: 1/9
  3131 | D:4      | Found an iron altar of Okawaru.
  3583 | D:4      | Reached XP level 6. HP: 30/35 MP: 11/11
  3965 | D:4      | Found a stormy altar of Qazlal.
  4038 | D:5      | Entered Level 5 of the Dungeon
  4102 | D:5      | Noticed Prince Ribbit
  4316 | D:5      | Noticed a sky beast
  4319 | D:5      | Killed a sky beast
  4319 | D:5      | Reached skill level 5 in Dodging
  4319 | D:5      | Reached XP level 7. HP: 40/40 MP: 8/12
  4371 | D:5      | Found a blossoming altar of Fedhas.
  4529 | D:5      | Noticed p0werm0de's ghost (amateur FeCK)
  4531 | D:5      | Killed p0werm0de's ghost
  4540 | D:5      | Noticed Grinder
  4711 | D:5      | Killed Grinder
  4711 | D:5      | Reached XP level 8. HP: 46/46 MP: 2/14
  4830 | D:5      | Killed Prince Ribbit
  5704 | D:6      | Found a sparkling altar of Nemelex Xobeh.
  5752 | D:6      | Reached XP level 9. HP: 53/53 MP: 8/16
  5784 | D:6      | Reached skill level 5 in Fighting
  5946 | D:6      | Reached * piety under Ashenzari
  6740 | D:7      | Found a staircase to the Ecumenical Temple.
  7120 | D:7      | Noticed TheNamelessOne's ghost (novice DrEE)
  7133 | D:7      | Gained mutation: You are frail. (-10% HP) [potion of mutation]
  7133 | D:7      | Gained mutation: You do not regenerate when monsters are visible. [potion of mutation]
  7133 | D:7      | Gained mutation: Your system is resistant to poisons. (rPois) [potion of mutation]
  7134 | D:7      | Lost mutation: You are frail. (-10% HP) [potion of mutation]
  7134 | D:7      | Lost mutation: You do not regenerate when monsters are visible. [potion of mutation]
  7134 | D:7      | Lost mutation: Your system is resistant to poisons. (rPois) [potion of mutation]
  7134 | D:7      | Gained mutation: Your system is resistant to poisons. (rPois) [potion of mutation]
  7134 | D:7      | Gained mutation: You possess an exceptional clarity of mind. [potion of mutation]
  7134 | D:7      | Gained mutation: You are resistant to electric shocks. (rElec) [potion of mutation]
  7134 | D:7      | Gained mutation: You are partially covered in iridescent scales. (AC +2) [potion of mutation]
  7146 | D:7      | Killed TheNamelessOne's ghost
  7146 | D:7      | Reached skill level 10 in Dodging
  7674 | D:7      | Reached XP level 10. HP: 52/61 MP: 0/17
  7686 | D:7      | Found a shimmering altar of Xom.
  7899 | Temple   | Entered the Ecumenical Temple
  7988 | D:8      | Found a glowing golden altar of the Shining One.
  8011 | D:8      | Noticed an oklob plant
  8457 | D:8      | Found Vikael's Armour Shoppe.
  8705 | D:8      | Noticed Joseph
  8732 | D:8      | Killed Joseph
  8846 | D:8      | Found a shadowy altar of Dithmenos.
  9137 | D:8      | Found a deep blue altar of Sif Muna.
  9175 | D:8      | Killed an oklob plant
  9471 | D:9      | Noticed a two-headed ogre
  9497 | D:9      | Killed a two-headed ogre
  9497 | D:9      | Reached skill level 5 in Spellcasting
  9713 | D:9      | Reached ** piety under Ashenzari
  9719 | D:9      | Noticed a two-headed ogre
  9725 | D:9      | Killed a two-headed ogre
  9755 | D:9      | Found a burning altar of Makhleb.
 10140 | D:9      | Reached XP level 11. HP: 69/69 MP: 21/21
 10812 | D:10     | Entered Level 10 of the Dungeon
 10815 | D:10     | Found Keagal's Distillery.
 10968 | D:10     | Noticed Maurice
 10974 | D:10     | Killed Maurice
 11522 | D:10     | Found Gelue's Magic Scroll Shop.
 11537 | D:10     | Found a shadowy altar of Dithmenos.
 11549 | D:10     | Found a staircase to the Orcish Mines.
 11745 | D:10     | Found Qirob's Antique Armour Boutique.
 11799 | D:10     | Found Geot Aptiy's Armour Boutique.
 11974 | D:11     | Found a staircase to the Lair.
 12507 | D:11     | Got the uncursed leather armour "Qaul" {Str+4}
 12532 | D:11     | Reached skill level 1 in Shields
 12788 | D:11     | Noticed Grum
 12834 | D:11     | Killed Grum
 13019 | D:11     | Got the uncursed plate armour of Action {*Drain rElec rCorr Stlth+}
 13082 | D:11     | Identified the +2 leather armour "Qaul" {Str+4} (You found it on level 11 of the Dungeon)
 13902 | D:11     | Noticed a death knight
 14007 | D:11     | Learned a level 5 spell: Lightning Bolt
 14415 | D:11     | Killed a death knight
 14415 | D:11     | Reached XP level 12. HP: 21/76 MP: 0/26
 14917 | D:11     | Reached skill level 10 in Air Magic
 15058 | D:11     | Got the uncursed ring mail of Agoraphobia {Dex+3}
 15375 | D:11     | Identified the +2 ring mail of Agoraphobia {Dex+3} (You found it on level 11 of the Dungeon)
 15487 | D:12     | Reached skill level 10 in Spellcasting
 15724 | D:12     | Noticed a soul eater
 16401 | D:12     | Reached skill level 5 in Shields
 16474 | D:12     | Noticed a two-headed ogre
 16495 | D:12     | Noticed Gastronok
 16688 | D:12     | Killed a two-headed ogre
 17476 | D:12     | Identified 2 scrolls of acquirement {!r}
 17766 | D:12     | Killed Gastronok
 18184 | D:13     | Noticed a seven-headed hydra
 18191 | D:13     | Killed a seven-headed hydra
 18292 | D:13     | Found Ycugeos's Antique Weapon Shoppe.
 18409 | D:13     | Reached XP level 13. HP: 80/80 MP: 15/29
 19183 | D:13     | Noticed Anon1729's ghost (journeyman DsFE)
 19353 | D:13     | Killed Anon1729's ghost
 20582 | D:13     | Noticed a vault guard
 20622 | D:13     | Killed a vault guard
 20892 | D:13     | Noticed a vault guard
 20900 | D:13     | Killed a vault guard
 20901 | D:13     | Found a gate to the Vaults.
 21100 | D:13     | Reached skill level 10 in Shields
 21772 | D:14     | Noticed Urug
 21920 | D:14     | Killed Urug
 21920 | D:14     | Reached skill level 5 in Conjurations
 22183 | D:14     | Gained mutation: You can fly continuously. [Tengu growth]
 22183 | D:14     | Reached XP level 14. HP: 86/86 MP: 31/31
 22298 | D:14     | Found Namalopp's Antique Armour Emporium.
 22306 | D:14     | Bought a crude robe for 205 gold pieces
 22306 | D:14     | Bought a pair of slimy gloves for 342 gold pieces
 22306 | D:14     | Identified the cursed +0 pair of gloves of Qazlal's Anger {rC- Str+4 Slay+5 SInv} (You bought it in a shop on level 14 of the Dungeon)
 22767 | D:15     | Entered Level 15 of the Dungeon
 23425 | D:15     | Noticed 4thArraOfDagon's ghost (journeyman HOAE)
 23434 | D:15     | Killed 4thArraOfDagon's ghost
 23646 | D:15     | Reached skill level 10 in Fighting
 23818 | D:15     | Reached *** piety under Ashenzari
 24143 | D:15     | Found a staircase to the Depths.
 24530 | D:15     | Noticed Roxanne
 24776 | D:15     | Noticed Azrael
 24877 | D:15     | Killed Azrael
 25521 | D:15     | Killed from afar by Roxanne

Vault maps used:
D:1:      lightli_arrival_windingriver
D:2:      cheibriados_altar_1, minmay_tetromino_t4
D:3:      grunt_temple_overflow_magic_moments, eat_drink_and_be_merry_uskayaw,
          zin_purify, evilmike_ruin_ashenzari
D:4:      lemuel_coloured_pillars_altar, okawaru_metal_pillars_1_2, first_ration
D:5:      fedhas_altar_2, uniq_grinder, uniq_prince_ribbit1
D:6:      basic_altar
D:7:      tgw_xom, minmay_temple_entry_purple_smoke, grunt_ogre_cave,
          kennysheep_generic_room_3
D:8:      lemuel_crystal_altar, tso_metal_star, serial_shops, kennysheep_mini,
          lemuel_oklob_altar, uniq_joseph
D:9:      lemuel_crystal_altar
D:10:     orc_0_dummy, serial_shops, kennysheep_mini_moat, shop, shop,
          shop_statue, fungi_pond_lemuel, kennysheep_crisscross,
          grunt_dithmenos_smoke, uniq_maurice
D:11:     regret_index_combs_of_tragedy, erik_lair_orcish_takeover,
          evilmike_surprise_oklob, uniq_grum
D:12:     kennysheep_decorative_pillar, uniq_gastronok
D:13:     grunt_vaults_entry_tiered, serial_shops,
          nicolae_shop_overgrown_old_shop, wad_mini_maze
D:14:     palyth_stone_intersect, serial_shops, shop, uniq_urug
D:15:     grunt_enter_depths_snipers, amethyst_killhole, uniq_azrael,
          uniq_roxanne
Temple:   corrupted_temple

Skill      XL: |  1  2  3  4  5  6  7  8  9 10 11 12 13 14 |
---------------+-------------------------------------------+-----
Fighting       | 1 2 3 4 6 8 9 10 | 10.4
Dodging        | 3 4 5 6 8 10 12 | 12.0
Air Magic      | 5 6 7 8 9 11 12 | 12.5
Spellcasting   | 3 4 6 9 11 12 | 12.5
Shields        | 3 6 10 11 | 11.0
Conjurations   | 5 |  5.2
Stealth        | |  2.0

Action                   |  1- 3 |  4- 6 |  7- 9 | 10-12 | 13-15 || total
-------------------------+-------+-------+-------+-------+-------++-------
Melee: Unarmed           |    11 |       |       |       |       ||    11
       Kick              |     3 |     9 |    23 |    19 |    14 ||    68
       Long sword        |       |    54 |    50 |    21 |       ||   125
       Peck              |       |     9 |    13 |     8 |    11 ||    41
       Staff             |       |       |       |    40 |    48 ||    88
 Fire: Blowgun           |       |       |       |    26 |       ||    26
 Cast: Shock             |    77 |    19 |       |       |       ||    96
       Airstrike         |       |    34 |   108 |   530 |   427 ||  1099
       Lightning Bolt    |       |       |       |     2 |    32 ||    34
       Swiftness         |       |       |       |       |     1 ||     1
Invok: Curse Item        |       |       |       |       |     4 ||     4
 Abil: Fly               |       |       |       |     2 |     5 ||     7
Evoke: Wand              |       |       |     2 |    15 |    10 ||    27
  Use: Potion            |       |     4 |     5 |     8 |     3 ||    20
       Scroll            |       |     1 |       |    17 |     2 ||    20
 Stab: Sleeping          |       |     4 |       |       |       ||     4
       Invisible         |       |       |     3 |       |       ||     3
  Eat: Chunk             |     4 |    16 |    23 |    55 |    23 ||   121
       Ration            |       |       |     2 |     9 |     2 ||    13
Armor: Robe              |     3 |    12 |     9 |     5 |    15 ||    44
       Leather armour    |       |       |       |    42 |     4 ||    46
       Skin              |       |       |       |     3 |       ||     3
Dodge: Dodged            |    11 |    60 |    71 |   266 |   208 ||   616
Block: Shield            |       |       |       |       |    57 ||    57
       Rpst.: Long sword |       |    21 |    22 |     7 |       ||    50

Table legend:
 A = Spawn XP
 B = Non-spawn XP
 C = Spawn XP percentage of total XP
 D = Spawn monster count
 E = Non-spawn monster count
 F = Spawn count percentage of total count
 G = Total turns spent on level
                    A         B        C        D         E        F      G
               +---------+---------+-------+---------+---------+-------+---------
         Total |       0 |   71785 |   0.0 |       0 |     497 |   0.0 | 25521
               +---------+---------+-------+---------+---------+-------+---------
           D:1 |       0 |      47 |   0.0 |       0 |      25 |   0.0 |  1360
           D:2 |       0 |      48 |   0.0 |       0 |      12 |   0.0 |   700
           D:3 |       0 |      93 |   0.0 |       0 |      19 |   0.0 |  1159
           D:4 |       0 |     240 |   0.0 |       0 |      21 |   0.0 |  1042
           D:5 |       0 |    1168 |   0.0 |       0 |      15 |   0.0 |   772
           D:6 |       0 |    1160 |   0.0 |       0 |      29 |   0.0 |  1473
           D:7 |       0 |    1941 |   0.0 |       0 |      25 |   0.0 |  1409
           D:8 |       0 |    2048 |   0.0 |       0 |      28 |   0.0 |  1378
           D:9 |       0 |    2885 |   0.0 |       0 |      40 |   0.0 |  1474
          D:10 |       0 |    1964 |   0.0 |       0 |      18 |   0.0 |  1260
          D:11 |       0 |    9852 |   0.0 |       0 |      93 |   0.0 |  3977
          D:12 |       0 |    9936 |   0.0 |       0 |      40 |   0.0 |  2825
          D:13 |       0 |   19823 |   0.0 |       0 |      69 |   0.0 |  2813
          D:14 |       0 |    6696 |   0.0 |       0 |      27 |   0.0 |  1591
          D:15 |       0 |   13884 |   0.0 |       0 |      36 |   0.0 |  2243
               +---------+---------+-------+---------+---------+-------+---------
